 Dungeon Crawl Stone Soup version 0.30-a0-782-ge64f9170bb (console) character file.

Game seed: 16034130881724442234

88 utis the Caller (level 4, -8/26 HPs)
             Began as a Tengu Wanderer on Feb 26, 2023.
             Mangled by an ogre
             ... wielding a +0 giant club
              (26 damage)
             ... on level 3 of the Dungeon.
             The game lasted 00:09:47 (2535 turns).

utis the Caller (Tengu Wanderer)                    Turns: 2535, Time: 00:09:47

Health: -8/26      AC:  7    Str: 11    XL:     4   Next: 54%
Magic:  4/6        EV:  9    Int: 15    God:
Gold:   32         SH:  0    Dex: 14    Spells: 4/5 levels left

rFire   . . .      SeeInvis .    a - +1 dagger (holy)
rCold   . . .      Faith    .    (no shield)
rNeg    . . .      Spirit   .    x - +0 scale mail
rPois   +          Reflect  .    (helmet restricted)
rElec   .          Harm     .    (no cloak)
rCorr   .          Rampage  .    b - +0 pair of gloves
Will    .....                    (boots unavailable) Stlth
                                 (no amulet)
HPRegen 0.24/turn                P - ring of poison resistance
MPRegen 0.10/turn                (no ring)

@: no status effects
A: beak, talons 3
a: no special abilities


You were on level 3 of the Dungeon.
You visited 1 branch of the dungeon, and saw 4 of its levels.

You collected 92 gold pieces.
You spent 60 gold pieces at shops.

Inventory:

Hand Weapons
 a - a +1 dagger of holy wrath (weapon)
 j - a +0 dagger
 u - a +0 short sword
Missiles
 l - 26 stones
Armour
 b - a +0 pair of gloves (worn)
 d - a +0 robe
 x - a +0 scale mail (worn)
Magical Staves
 f - a staff of conjuration {!a@e1}
Jewellery
 P - a ring of poison resistance (left hand)
Wands
 y - a wand of acid (10)
Scrolls
 h - a scroll of amnesia {unknown}
 i - a scroll of torment {unknown}
 n - 4 scrolls of magic mapping
 p - 3 scrolls of teleportation {@r4}
 q - a scroll of summoning {unknown}
 t - a scroll of blinking {unknown}
 v - a scroll of acquirement {unknown}
Potions
 c - a potion of might
 g - a potion of flight {unknown}
 k - a potion of lignification {unknown}
 m - 2 potions of curing {@q1}
 o - a potion of mutation {unknown}
 r - a potion of ambrosia {unknown}
 s - a potion of degeneration {unknown}
 w - a potion of heal wounds {unknown}
Miscellaneous
 e - a tin of tremorstones (2/2)


   Skills:
 - Level 2.1 Fighting
 + Level 1.1 Armour
 - Level 2.7 Dodging
 - Level 1.0 Spellcasting
 + Level 4.7 Summonings
 - Level 4.0 Evocations


You had 4 spell levels left.
You knew the following spells:

 Your Spells              Type           Power      Damage    Failure   Level
z - Summon Small Mammal   Summ           56%        N/A       22%         1

Your spell library contained the following spells:

 Spells                   Type           Power      Damage    Failure   Level
 Summon Guardian Golem    Hex/Summ       7%         N/A       86%         3


Dungeon Overview and Level Annotations

Branches:
Dungeon (4/15)
 Temple: D:4-7

Altars:
Elyvilon
Makhleb

Shops:
D:2 ?


Innate Abilities, Weirdness & Mutations

You have a beak for a mouth.
You have claws for feet.


Message History

Unknown command.
You open the door.
(D) Dungeon
Where to? (Enter - D:4, ? - help)
There is an open door here.
There is an open door here.
There is a stone staircase leading down here.
You climb downwards.
The kobold shouts!
Found a tapered fluorescent wand and 5 stones.
There is a stone staircase leading up here.
A kobold is nearby!
You hit the kobold. You claw the kobold.
You kill the kobold!
No target in view!
y - a wand of acid (10)
Casting: Summon Small Mammal (safe; 22% risk of failure)
Confirm with . or Enter, or press ? or * to list all spells.
You don't know that spell.
Unknown command.
Unknown command.
An ogre comes into view. It is wielding a +0 giant club.
You miscast Summon Small Mammal.
You are very lightly contaminated with residual magic.
Nothing appears to happen.
The ogre barely misses your quokka.
Your quokka bites the ogre.
There is a stone staircase leading up here.
Your quokka bites the ogre.
Your quokka bites the ogre.
Your quokka bites the ogre.
Your bat hits the ogre but does no damage.
The ogre hits you with a +0 giant club!
Your quokka barely misses the ogre.
Your magical contamination has completely faded away.
You climb upwards.
Your summoned ally is left behind.
There is a stone staircase leading down here.
The ogre attacks as you move away!
The ogre hits you with a +0 giant club!!
Ouch! That really hurt!
You die...

░░░░░░░ ░.....░
░.....░ ░░░░░
░.....░
░...░░░░░░.....░
░..Q...........░░░░░
░.O.░..░░.░.░░░░░...
░░░.....░.░.........
░.░░░...░.░░░░...)
░.░ ░...░.░░░░....
░.░░░...░.........
░.░.░.░...........
░.░.░..........░.░
░.░<..)...........


You could see an ogre.

Vanquished Creatures
  5 adders
  3 bats
  3 endoplasms
  A giant cockroach (D:2)
  4 goblins
  3 hobgoblins (D:1)
  2 jackals (D:1)
  2 quokkas
  3 ball pythons
  3 frilled lizards
  8 kobolds
  2 rats
39 creatures vanquished.

Vanquished Creatures (collateral kills)
  A ball python (D:1)
  A giant cockroach (D:1)
  A quokka (D:3)
3 creatures vanquished.

Grand Total: 42 creatures vanquished

Notes
Turn   | Place    | Note
-------+----------+-------------------------------------------
     0 | D:1      | utis the Tengu Wanderer began the quest for the Orb.
     0 | D:1      | utis set off with the following items: a +0 dagger, a +0
                  | pair of gloves, a potion of might, a +0 robe, a tin of
                  | tremorstones (2/2); and the following spell memorised:
                  | Summon Small Mammal; and the following spells available to
                  | memorise: Summon Guardian Golem.
     0 | D:1      | Reached XP level 1. HP: 10/10 MP: 3/3
   332 | D:1      | Reached XP level 2. HP: 12/16 MP: 2/4
   603 | D:1      | Reached skill level 1 in Fighting
   914 | D:1      | Reached XP level 3. HP: 16/20 MP: 5/5
   983 | D:1      | Found a faded altar of an unknown god.
  1222 | D:2      | Found Vethra's Magic Scroll Shop.
  1230 | D:2      | Bought a scroll of teleportation for 30 gold pieces
  1230 | D:2      | Bought a scroll of noise for 10 gold pieces
  1263 | D:2      | Found a white marble altar of Elyvilon.
  1671 | D:2      | Bought a scroll of identify for 20 gold pieces
  1807 | D:3      | Found a burning altar of Makhleb.
  1820 | D:3      | Reached XP level 4. HP: 26/26 MP: 3/6
  2523 | D:4      | Noticed an ogre
  2535 | D:3      | Mangled by an ogre

Illustrated notes

Levels and vault maps discovered:
D:1:      onia_arrival_pentagram, layout_basic,
          hellmonk_ecumenical_altar_inner_sanctum, serial_rivers,
          chequers_serial_rivers_small_b, chequers_serial_rivers_marsh,
          chequers_serial_rivers_large_b, chequers_serial_rivers_small_b,
          hangedman_feature_mirror
D:2:      layout_rooms, basic_altar, serial_shops, nicolae_shop_trees
D:3:      layout_basic, mainiacjoe_overflow_catwalk
D:4:      layout_rooms, okawaru_trees_2, serial_co_window_serial,
          co_window_paths_b, co_window_of_opportunity_a, co_window_paths_a,
          co_window_paths_a, co_window_paths_a, co_window_broadway_b,
          co_window_corner_b, co_window_unsneaky_path_c, co_window_corner_b,
          co_window_4corner_a, co_window_sun, glass_columns_a, minivault_14,
          serial_park_tiny_2

Skill      XL: |  1  2  3  4 |
---------------+-------------+-----
Summonings     | 4 |  4.7
Fighting       | 1 2 |  2.1
Dodging        | 2 |  2.7
Armour         | |  1.1
Spellcasting   | |  1.0
Evocations     | |  4.0

Action                     |  1- 3 |  4- 6 || total
---------------------------+-------+-------++-------
  Melee: Dagger            |    95 |    19 ||   114
         Kick              |    21 |     5 ||    26
         Peck              |     7 |     2 ||     9
   Cast: Summon Small Mamm |    11 |     6 ||    17
    Use: Scroll            |     2 |       ||     2
   Stab: Sleeping          |     1 |       ||     1
 Armour: Robe              |    19 |     4 ||    23
  Dodge: Dodged            |    47 |    12 ||    59

Table legend: (Time is in decaauts)
 A = Elapsed time spent in this place.
 B = Non-inter-level travel time spent in this place.
 C = Inter-level travel time spent in this place.
 D = Time resting spent in this place.
 E = Time spent auto-exploring this place.
 F = Levels seen in this place.
 G = Mean time per level.
                   A        B        C        D        E       F      G
               +--------+--------+--------+--------+--------+-----+--------+
         Total |   2566 |   2460 |    106 |    472 |   1492 |   4 |  641.5 |
       Dungeon |   2566 |   2460 |    106 |    472 |   1492 |   4 |  641.5 |
               +--------+--------+--------+--------+--------+-----+--------+

Top non-repeatable levels by time:
     D:1: 1167 daAuts
     D:3: 823 daAuts
     D:2: 557 daAuts
     D:4: 17 daAuts
